 Dungeon Sprint DCSS version 0.21-a0-71-g5e5ddd2 (webtiles) character file.

58 Kidiri the Insei (level 3, -1/30 HPs)
             Began as a Draconian Transmuter on June 19, 2017.
             Was a Believer of Wu Jian.
             Splashed by a jelly's acid (4 damage)
             ... in the Dungeon (Sprint VII: "The Pits").
             The game lasted 00:02:15 (628 turns).

Kidiri the Insei (Draconian Transmuter)              Turns: 628, Time: 00:02:16

Health: -1/30      AC: -2    Str: 12      XL:     3   Next: 75%
Magic:  5/7        EV: 20    Int: 13      God:    Wu Jian [**....]
Gold:   0          SH:  0    Dex: 13 (17) Spells: 4/8 levels left

rFire    . . .     SeeInvis .     - Unarmed
rCold    . . .     Gourm    .   (shield currently unavailable)
rNeg     . . .     Faith    .   (armour unavailable)
rPois    x         Spirit   .   (helmet currently unavailable)
rElec    .         Reflect  .   (cloak currently unavailable)
rCorr    .         Harm     .   (gloves currently unavailable)
MR       .....     NoTele   +   (boots currently unavailable)
Stlth    ++........             (no amulet)
HPRegen  0.10/turn              (no ring)
MPRegen  0.10/turn              (no ring)

@: spider-form (expiring), corroded
A: unfitting armour, AC +5
a: End Transformation, Renounce Religion


You were in the Dungeon.
You worshipped Wu Jian.
Wu Jian was pleased with you.
You were not hungry.
You were a venomous arachnid creature.
You visited 1 branch

Inventory:

Missiles
 a - 12 arrows
Scrolls
 i - a scroll of blinking
 k - 3 scrolls of remove curse
 l - 5 scrolls of amnesia
 m - a scroll of summoning
Potions
 d - 6 potions of curing
 e - 5 potions of heal wounds
 f - a potion of haste
 g - 4 potions of magic
 h - 3 potions of berserk rage
 j - 2 potions of invisibility
Books
 b - a book of Changes

   Spells                             Type                      Level
   a - Beastly Appendage              Transmutation                1
   b - Sticks to Snakes               Transmutation                2
   c - Spider Form                    Transmutation/Poison         3
   d - Ice Form                       Ice/Transmutation            4
   e - Blade Hands                    Transmutation                5
Comestibles
 c - 8 bread rations
 n - 40 fruits
 o - 7 meat rations
 p - 3 chunks of flesh


   Skills:
 + Level 2.3 Fighting
 * Level 3.1 Dodging
 * Level 2.9 Stealth
 * Level 4.6 Unarmed Combat
 * Level 3.3 Spellcasting
 * Level 3.5 Transmutations


You had 4 spell levels left.
You knew the following spells:

 Your Spells              Type           Power        Failure   Level  Hunger
a - Beastly Appendage     Tmut           ##....       14%         1    #......
b - Spider Form           Tmut/Pois      #.........   54%         3    ###....


Dungeon Overview and Level Annotations

Branches:
Dungeon (1/1)

Altars:
Ashenzari
Cheibriados
Dithmenos
Elyvilon
Fedhas
Gozag
Hepliaklqana
Kikubaaqudgha
Makhleb
Nemelex Xobeh
Okawaru
Qazlal
Ru
Sif Muna
Trog
Uskayaw
Vehumet
Wu Jian
Xom
Yredelemnul
Zin
The Shining One
Beogh
Jiyva
Lugonu


Innate Abilities, Weirdness & Mutations

((Your plain brown scales are hard. (AC +5)))
You cannot fit into any form of body armour.
((You are cold-blooded and may be slowed by cold attacks.))


Message History

You hit the jelly.
The jelly is poisoned.
Your front legs burn!
The jelly is moderately wounded.
You hit the jelly.
Your front legs burn!
The jelly is moderately wounded.
The jelly hits you. The acid corrodes you!
You are splashed with acid!
The acid burns!
Unknown command.
You attack the jelly from above.
You hit the jelly but do no damage.
Your front legs burn!
The jelly is moderately wounded.
You attack the white imp from above.
You hit the white imp but do no damage.
The white imp is distracted by your jump.
The white imp shouts, "Slither away, thou currish fool-born zombie-fodder!"
The jelly hits you.
* * * LOW HITPOINT WARNING * * *
You are splashed with acid!
The acid burns!
* * * LOW HITPOINT WARNING * * *
You spin and attack the jelly repeatedly.
You bite the jelly!
Your front legs burn!
You die...

#.###+###))##.....
#.#.....#))##.....
#.#.....#..##.....
#.####+##+###...<.
#.#........##.....
#.#........##.....
#'###########.....
#.......# ######
#s5..o5.#
#.Jo#..o# #.ยง##
o.# #...# o#
#..... # #......
########


You could see a jelly, 2 orc priests, a quasit, a white imp and an orc.

Vanquished Creatures
  A quasit (D)
  An adder (D)
  A river rat (D)
  A leopard gecko (D)
  A bat zombie (D)
  2 giant cockroaches (D)
  A leopard gecko skeleton (D)
  A rat (D)
9 creatures vanquished.

Vanquished Creatures (others)
  A leopard gecko (D)
1 creature vanquished.

Grand Total: 10 creatures vanquished

Notes
Turn   | Place    | Note
-------+----------+-------------------------------------------
     0 | D        | Kidiri the Draconian Transmuter began the quest for the Orb.
     0 | D        | Reached XP level 1. HP: 16/16 MP: 3/3
    46 | D        | Found a bloodstained altar of Trog.
    46 | D        | Found a deep blue altar of Sif Muna.
    46 | D        | Found a viscous altar of Jiyva.
    46 | D        | Found a hazy altar of Hepliaklqana.
    46 | D        | Found an opulent altar of Gozag.
    47 | D        | Found a glowing golden altar of the Shining One.
    47 | D        | Found a glowing silver altar of Zin.
    47 | D        | Found a basalt altar of Yredelemnul.
    47 | D        | Found a shimmering altar of Xom.
    47 | D        | Found an ornate altar of the Wu Jian Council.
    47 | D        | Found a sacrificial altar of Ru.
    47 | D        | Found a stormy altar of Qazlal.
    47 | D        | Found an iron altar of Okawaru.
    47 | D        | Found a sparkling altar of Nemelex Xobeh.
    47 | D        | Found a burning altar of Makhleb.
    47 | D        | Found a blossoming altar of Fedhas.
    47 | D        | Found a white marble altar of Elyvilon.
    47 | D        | Found a shadowy altar of Dithmenos.
    47 | D        | Found a snail-covered altar of Cheibriados.
    49 | D        | Found a radiant altar of Vehumet.
    49 | D        | Found a corrupted altar of Lugonu.
    49 | D        | Found a roughly hewn altar of Beogh.
    50 | D        | Found a hide-covered altar of Uskayaw.
    50 | D        | Found an ancient bone altar of Kikubaaqudgha.
    50 | D        | Found a shattered altar of Ashenzari.
    56 | D        | Became a worshipper of the Wu Jian Council
    95 | D        | Reached skill level 1 in Stealth
    95 | D        | Reached XP level 2. HP: 7/24 MP: 3/5
   336 | D        | Reached * piety under Wu Jian
   340 | D        | Reached skill level 4 in Unarmed Combat
   396 | D        | Reached XP level 3. HP: 14/30 MP: 3/7
   552 | D        | Learned a level 3 spell: Spider Form
   562 | D        | Reached ** piety under Wu Jian
   628 | D        | Splashed by a jelly's acid

Vault maps used:
D:        pitsprint

Skill      XL: |  1  2 |
---------------+-------+-----
Dodging        | 2 3 |  3.1
Stealth        | 1 2 |  2.9
Unarmed Combat | 4 |  4.6
Transmutations | 3 |  3.5
Fighting       | 2 |  2.3
Spellcasting   | 3 |  3.3

Action                   || total
-------------------------++-------
Melee: Unarmed           ||    67
       Kick              ||     3
       Tailslap          ||     3
       Headbutt          ||     3
 Cast: Beastly Appendage ||     7
       Spider Form       ||     2
  Use: Potion            ||     1
 Stab: Sleeping          ||     1
Armor: Skin              ||    54
Dodge: Dodged            ||   120
